Map: Honorgrounds LE

Players

Loken - Winner!

  • Race: Zerg Zerg
  • Spawn Location: 11:00

dallaskuken

  • Race: Protoss Protoss
  • League: Platinum
  • Spawn Location: 7:00

VOD

Have the link to the VOD?

Description

Time

  • Played on: March 12, 2017, 1:28 p.m.
  • Length: 18:49
Show
View Real Time Build Order
Export as new Build Order

Loken Zerg - Winner!

Build Orders: Hatch First 

Get SALT Encoding   

  12  0:01  Drone  
  13  0:14  Overlord  
  13  0:19  Drone  
  14  0:38  Drone x2  
  14  0:39  Drone  
  17  0:52  Drone  
  18  1:05  Hatchery  
  18  1:10  Drone  
  19  1:11  Drone  
  19  1:20  Spawning Pool  
  19  1:23  Drone  
  19  1:39  Overlord  
  19  2:08  Queen  
  19  2:10  Zergling x6  
  19  2:14  Extractor  
  23  2:23  Drone  
  23  2:24  Drone  
  25  2:30  Drone  
  26  2:39  Drone  
  26  2:40  Drone  
  29  2:51  Drone  
  29  2:52  Drone  
  30  3:01  Hatchery  
  30  3:02  Drone  
  30  3:03  Drone  
  30  3:04  Queen  
  33  3:19  Extractor  
  32  3:20  Queen  
  32  3:24  Zergling x4  
  32  3:26  Overlord x4  
  36  3:30  Extractor  
  35  3:36  Metabolic Boost  
  35  3:44  Queen  
  37  3:50  Drone  
  37  3:51  Drone x4  
  42  4:05  Lair  
  42  4:08  Drone x4  
  46  4:23  Drone  
  46  4:24  Drone x5  
  52  4:39  Spore Crawler  
  52  4:44  Drone x8, Spore Crawler  
  58  4:55  Zergling x2  
  58  4:56  Zergling x8  
  63  5:11  Zergling x14  
  70  5:39  Spore Crawler  
  70  5:41  Overlord  
  70  5:42  Overlord x3  
  69  5:47  Hydralisk Den  
  68  5:50  Roach Warren  
  68  5:51  Drone x7  
  68  5:54  Extractor  
  68  5:56  Zergling x2  
  74  6:29  Muscular Augments  
  74  6:31  Hydralisk x8  
  74  6:32  Hydralisk x3  
  96  7:10  Hydralisk x5  
  96  7:11  Overlord  
  96  7:12  Overlord x3  
  106  7:23  Overlord x5  
  106  7:24  Overlord  
  106  7:27  Pneumatized Carapace  
  106  7:44  Zergling x2  
  106  7:45  Zergling x12  
  106  7:49  Hatchery  
  112  7:52  Hatchery  
  111  8:09  Drone x5  
  111  8:10  Drone x2  
  118  8:24  Evolution Chamber  
  118  8:26  Evolution Chamber  
  116  8:28  Evolution Chamber  
  116  8:30  Roach  
  116  8:31  Roach x6  
  106  8:55  Hydralisk x10  
  122  9:16  Zergling x18  
  122  9:17  Zergling x14  
  138  9:27  Zerg Melee Weapons Level 1  
  138  9:28  Zerg Ground Armor Level 1, Zerg Missile Weapons Level 1  
  138  9:30  Hydralisk  
  138  9:31  Hydralisk x4  
  148  9:42  Infestation Pit  
  125  10:37  Zergling x2  
  125  10:38  Zergling x34  
  125  10:39  Zergling x32  
  159  10:57  Overseer x2  
  159  11:12  Overlord  
  159  11:13  Overlord x2  
  159  11:24  Hive  
  159  11:27  Zerg Melee Weapons Level 2, Zerg Missile Weapons Level 2  
  159  11:28  Zerg Ground Armor Level 2  
  159  11:34  Hydralisk x10  
  159  11:37  Zergling x12  
  159  11:38  Zergling x4  
  188  11:40  Zergling x8  
  191  12:00  Zergling x18  
  200  12:52  Hatchery  
  199  13:10  Hatchery  
  135  13:37  Spire  
  134  13:55  Extractor  
  133  14:11  Neural Parasite  
  133  14:13  Infestor  
  133  14:14  Infestor x5  
  133  14:15  Infestor  
  67  14:32  Zergling x4  
  67  14:33  Zergling x56  
  67  14:34  Zergling x18  
  106  14:46  Adrenal Glands  
  105  15:19  Corruptor x8  
  77  16:19  Zergling x24  
  77  16:20  Zergling x32  
  87  17:24  Zergling x2  
  87  17:25  Zergling x28  
  102  17:44  Hatchery  
  101  18:02  Zergling x20  
  101  18:03  Zergling x10  
  112  18:32  Zergling x2  
Show
View Real Time Build Order
Export as new Build Order

dallaskuken Protoss 

Build Orders:  

Get SALT Encoding   

  12  0:01  Probe (Chrono Boost)  
  13  0:16  Pylon  
  13  0:22  Probe (Chrono Boost)  
  14  0:32  Probe (Chrono Boost)  
  15  0:43  Probe (Chrono Boost)  
  15  0:49  Gateway  
  16  0:53  Probe (Chrono Boost)  
  18  1:04  Probe (Chrono Boost)  
  18  1:05  Pylon  
  18  1:14  Probe (Chrono Boost)  
  19  1:25  Probe (Chrono Boost)  
  20  1:28  Assimilator  
  20  1:35  Probe (Chrono Boost)  
  20  1:39  Zealot  
  23  1:48  Cybernetics Core  
  23  1:50  Pylon  
  23  1:53  Probe (Chrono Boost)  
  24  2:06  Zealot  
  26  2:11  Gateway  
  26  2:15  Warp Gate  
  26  2:19  Pylon  
  26  2:27  Probe (Chrono Boost)  
  27  2:37  Gateway  
  27  2:39  Gateway  
  27  2:51  Pylon  
  27  2:56  Probe (Chrono Boost)  
  28  3:01  Assimilator  
  28  3:08  Probe (Chrono Boost)  
  28  3:12  Stalker  
  31  3:20  Probe (Chrono Boost)  
  31  3:31  Robotics Facility  
  31  3:35  Stalker  
  33  3:43  Pylon  
  33  3:46  Pylon  
  33  3:58  Nexus  
  33  4:05  Probe (Chrono Boost)  
  35  4:17  Probe (Chrono Boost)  
  35  4:23  Immortal  
  39  4:29  Probe (Chrono Boost)  
  40  4:34  Pylon  
  40  4:42  Stalker  
  43  4:47  Probe (Chrono Boost)  
  43  4:51  Zealot  
  45  4:59  Probe (Chrono Boost)  
  46  5:01  Pylon  
  46  5:06  Sentry  
  46  5:07  Sentry  
  50  5:30  Pylon  
  50  5:33  Probe (Chrono Boost)  
  51  5:40  Probe (Chrono Boost)  
  52  5:43  Probe (Chrono Boost)  
  52  5:44  Assimilator  
  52  5:45  Pylon  
  52  5:48  Assimilator  
  53  5:50  Stalker  
  53  5:52  Probe (Chrono Boost)  
  53  5:54  Probe (Chrono Boost)  
  57  6:02  Observer  
  59  6:04  Probe (Chrono Boost)  
  59  6:11  Robotics Bay  
  59  6:19  Forge  
  59  6:20  Stalker x2  
  59  6:21  Stalker  
  65  6:31  Probe (Chrono Boost)  
  66  6:41  Probe (Chrono Boost)  
  67  6:52  Probe (Chrono Boost)  
  68  6:59  Nexus  
  68  7:00  Probe (Chrono Boost)  
  69  7:02  Pylon  
  69  7:03  Pylon  
  69  7:10  Pylon  
  69  7:12  Probe (Chrono Boost)  
  71  7:24  Probe (Chrono Boost)  
  71  7:25  Photon Cannon  
  71  7:31  Photon Cannon  
  71  7:33  Photon Cannon  
  71  7:38  Gateway  
  71  7:43  Gateway  
  71  7:47  Stalker x2  
  75  7:55  Probe (Chrono Boost)  
  76  8:06  Probe (Chrono Boost)  
  76  8:10  Pylon  
  77  8:13  Pylon  
  77  8:14  Colossus  
  77  8:16  Probe (Chrono Boost)  
  84  8:27  Probe (Chrono Boost)  
  85  8:32  Zealot x3  
  85  8:33  Zealot  
  89  8:54  Zealot x3  
  89  8:55  Zealot  
  93  9:00  Extended Thermal Lance  
  89  9:05  Colossus  
  95  9:17  Probe (Chrono Boost)  
  95  9:23  Pylon  
  96  9:25  Pylon  
  96  9:28  Gateway, Probe (Chrono Boost)  
  96  9:31  Assimilator  
  97  9:35  Assimilator  
  98  9:38  Probe (Chrono Boost)  
  98  9:49  Probe (Chrono Boost)  
  98  9:52  Colossus  
  99  9:59  Probe (Chrono Boost)  
  106  10:10  Probe (Chrono Boost)  
  91  10:17  Zealot x4  
  72  10:42  Colossus  
  71  10:45  Zealot  
  71  10:46  Zealot x3  
  85  11:00  Robotics Facility  
  85  11:05  Robotics Facility  
  85  11:21  Stalker  
  85  11:22  Stalker x3  
  93  11:28  Colossus  
  99  11:46  Protoss Shields Level 1  
  99  11:55  Pylon  
  99  11:57  Pylon  
  99  11:59  Pylon  
  99  12:02  Pylon  
  99  12:12  Colossus x2  
  105  12:15  Photon Cannon  
  105  12:17  Photon Cannon  
  105  12:18  Colossus  
  105  12:19  Photon Cannon  
  117  12:59  Colossus  
  116  13:06  Colossus  
  112  13:31  Colossus  
  116  13:46  Zealot  
  116  13:47  Zealot x3  
  124  14:03  Pylon  
  124  14:05  Pylon  
  124  14:07  Pylon  
  124  14:09  Pylon  
  124  14:10  Zealot  
  124  14:11  Colossus  
  104  14:57  Colossus  
  110  15:11  Colossus  
  110  15:14  Nexus  
  116  15:22  Nexus  
  65  16:08  Sentry  
  65  16:10  Stalker x3  
  44  16:48  Stalker x3  
  44  16:49  Stalker  
  42  17:15  Probe (Chrono Boost)  
  43  17:18  Probe (Chrono Boost)  
  44  17:25  Probe (Chrono Boost)  
  44  17:29  Probe (Chrono Boost)  
  46  17:36  Probe (Chrono Boost)  
  47  17:53  Probe (Chrono Boost)  
  48  18:03  Probe (Chrono Boost)  
Tags
 
League
Platinum
Matchup
PvZ
Spawn Locations
Close Positions
Add a new tag
Caveats
  • Supply blocks, unpowered buildings, or Contaminate may cause inaccurate times.
  • Supply counts are checked every 10 seconds.